 Dungeon Crawl Stone Soup version 0.27-a0-1113-gb2b6fe9c5e (webtiles) character file.

Game seed: 8861907222672290398

188 DogServant the Digger (level 5, 0/29 HPs)
             Began as a Gargoyle Earth Elementalist on Apr 30, 2021.
             Slain by Ijyb
             ... wielding a +0 club
              (4 damage)
             ... on level 4 of the Dungeon.
             The game lasted 00:05:07 (2933 turns).

DogServant the Digger (Gargoyle Earth Elementalist) Turns: 2933, Time: 00:05:08

Health: 0/29       AC:  7    Str: 11    XL:     5   Next: 67%
Magic:  3/8        EV: 12    Int: 17    God:
Gold:   110        SH:  0    Dex: 10    Spells: 5/9 levels left

rFire    . . .     SeeInvis .   o - +0 whip
rCold    . . .     Faith    .   (no shield)
rNeg     + . .     Spirit   .   c - +0 robe
rPois    ∞         Reflect  .   (no helmet)
rElec    +         Harm     .   (no cloak)
rCorr    +         Rampage  .   u - +0 pair of gloves
Will     .....                  (no boots)
Stlth    ++........             (no amulet)
HPRegen  0.09/turn              b - ring of wizardry
MPRegen  0.11/turn              q - ring of resist corrosion

@: no status effects
A: AC +4, negative energy resistance 1, electricity resistance, torment
resistance 1, unbreathing 1, petrification resistance
a: no special abilities


You were on level 4 of the Dungeon.
You visited 1 branch of the dungeon, and saw 4 of its levels.

You collected 110 gold pieces.

Inventory:

Hand Weapons
 o - a +0 whip (weapon)
 t - the +6 mace of the Queen {antimagic, rPois}
   (You found it on level 4 of the Dungeon)

   It reduces the magical energy of the wielder, and disrupts the spells and
   magical abilities of those hit.
   Natural abilities and divine invocations are not affected.
   It protects you from poison.
Missiles
 s - 32 stones
Armour
 c - a +0 robe (worn)
 h - a +0 leather armour
 p - a +0 buckler
 u - a +0 pair of gloves (worn)
Magical Staves
 n - a staff of cold
Jewellery
 b - a ring of wizardry (left hand)
 q - a ring of resist corrosion (right hand)
Wands
 k - a wand of mindburst (15)
Scrolls
 d - a scroll of magic mapping {unknown}
 e - 3 scrolls of identify {unknown}
 f - a scroll of enchant armour {unknown}
 g - a scroll of fog {unknown}
 j - 3 scrolls of teleportation {unknown}
 l - a scroll of brand weapon {unknown}
Potions
 i - a potion of invisibility {unknown}
 m - a potion of flight {unknown}
 r - a potion of magic {unknown}


   Skills:
 - Level 1.0 Fighting
 - Level 2.4 Dodging
 - Level 2.4 Stealth
 - Level 2.6 Spellcasting
 + Level 3.1 Conjurations
 - Level 0.7 Transmutations
 - Level 5.0 Earth Magic


You had 5 spell levels left.
You knew the following spells:

 Your Spells              Type           Power      Damage    Failure   Level
a - Sandblast             Erth           38%        2d10      1%          1
b - Stone Arrow           Conj/Erth      32%        3d9       4%          3

Your spell library contained the following spells:

 Spells                   Type           Power      Damage    Failure   Level
 Passwall                 Tmut/Erth      9%         N/A       3%          2
 Corona                   Hex            2%         N/A       8%          1
 Ensorcelled Hibernation  Hex/Ice        4%         N/A       12%         2
 Dazzling Flash           Conj/Hex       14%        N/A       12%         3
 Confusing Touch          Hex            2%         N/A       22%         3
 Gell's Gravitas          Tloc           1%         N/A       22%         3
 Tukima's Dance           Hex            2%         N/A       22%         3
 Petrify                  Tmut/Erth      11%        N/A       22%         4
 Lee's Rapid Deconstruct  Erth           9%         3d8*      26%         5
 Yara's Violent Unravell  Hex/Tmut       1%         3d3       83%         5
 Metabolic Englaciation   Hex/Ice        1%         N/A       87%         5


Dungeon Overview and Level Annotations

Branches:
Dungeon (4/15)
 Temple: D:4-7

Altars:

Annotations:
D:4 Ijyb


Innate Abilities, Weirdness & Mutations

Your stone body is resilient. (AC +4)
You are immune to poison.
You resist negative energy. (rN+)
You are resistant to electric shocks. (rElec)
You are resistant to unholy torment.
You can survive without breathing.
You are immune to petrification.


Message History

Ijyb hits you with a +0 club. The centaur skeleton barely misses you.
The centaur skeleton kicks you but does no damage.
Ijyb zaps a wand.
The puff of flame hits you!
You hit the centaur skeleton but do no damage.
The centaur skeleton is severely damaged.
The centaur skeleton hits you but does no damage.
The centaur skeleton kicks you.
Ijyb zaps a wand.
The puff of flame misses you. The centaur skeleton hits you.
The centaur skeleton closely misses you.
Ijyb hits you but does no damage.
Casting: Sandblast (safe; 1% risk of failure)
Confirm with . or Enter, or press ? or * to list all spells.
Aiming: Sandblast (safe; 1% risk of failure)
Press: ? - help, Shift-Dir - straight line, f - Ijyb
Aim: Ijyb, wielding a +0 club, wearing a +0 ring mail and carrying a wand of flame (7) (fast, 77% to hit)
The blast of sand hits Ijyb but does no damage.
The centaur skeleton barely misses you. x2; Ijyb zaps a wand.
The puff of flame misses you.
Casting: Sandblast (safe; 1% risk of failure)
Confirm with . or Enter, or press ? or * to list all spells.
Aiming: Sandblast (safe; 1% risk of failure)
Press: ? - help, Shift-Dir - straight line, p - Ijyb The blast of sand hits Ijyb!
Ijyb is moderately wounded.
Ijyb hits you with a +0 club. The centaur skeleton hits you.
* * * LOW HITPOINT WARNING * * *
The centaur skeleton closely misses you.
Ijyb hits you with a +0 club.
* * * LOW HITPOINT WARNING * * *
Casting: Sandblast (safe; 1% risk of failure)
Confirm with . or Enter, or press ? or * to list all spells.
Aiming: Stone Arrow (dangerous; 4% risk of failure)
Press: ? - help, Shift-Dir - straight line, f - Ijyb
Aim: Ijyb, wielding a +0 club, wearing a +0 ring mail and carrying a wand of flame (6) (moderately wounded, fast, 64% to hit)
The stone arrow hits Ijyb!
Ijyb is almost dead.
The centaur skeleton barely misses you.
The centaur skeleton kicks you but does no damage.
Ijyb hits you with a +0 club.
You die...

##..#.###.........#
##..##..###..###.......
#...###.####...........
#...# #...###..........
###..# ###.#..........#
.....####.............#
............#.........##
........##....##........
................@Z......
.)..........##...g......
............##.....?[...
##......................
................#...##..
.....<....[........... .
..........#..........##
...................#..
......####...


You could see Ijyb (fast) and a centaur skeleton.

Vanquished Creatures
  A necrophage (D:4)
  4 adders
  An adder skeleton (D:4)
  3 dart slugs
  An orc (D:3)
  3 bats
  3 endoplasms
  2 giant cockroaches
  3 goblins
  6 hobgoblins
  6 jackals (D:1)
  2 quokkas
  7 ball pythons
  A frilled lizard (D:2)
  3 kobolds
  4 rats
50 creatures vanquished.

Notes
Turn   | Place    | Note
-------+----------+-------------------------------------------
     0 | D:1      | DogServant the Gargoyle Earth Elementalist began the quest
                  | for the Orb.
     0 | D:1      | Reached XP level 1. HP: 10/10 MP: 3/3
   434 | D:1      | Reached XP level 2. HP: 15/15 MP: 0/5
   613 | D:1      | Reached skill level 4 in Earth Magic
   929 | D:1      | Reached XP level 3. HP: 9/19 MP: 0/6
  1555 | D:3      | Reached XP level 4. HP: 24/24 MP: 3/7
  1752 | D:3      | Learned a level 3 spell: Stone Arrow
  2416 | D:4      | Identified the +6 mace of the Queen {antimagic, rPois}
  2459 | D:4      | Noticed a necrophage
  2466 | D:4      | Killed a necrophage
  2467 | D:4      | Reached skill level 1 in Fighting
  2467 | D:4      | Reached skill level 5 in Earth Magic
  2467 | D:4      | Reached XP level 5. HP: 27/29 MP: 0/8
  2609 | D:4      | Noticed a troll
  2917 | D:4      | Noticed Ijyb
  2933 | D:4      | Slain by Ijyb

Illustrated notes

Levels and vault maps discovered:
D:1:      lemuel_arrival_behind_the_door_large, layout_basic
D:2:      layout_basic, shapermc_ecumenical_altar_venn, minmay_hexomino_c4,
          uniq_natasha
D:3:      layout_rooms
D:4:      layout_rooms, grunt_temple_overflow_magic_moments,
          minmay_splitting_lines, minmay_misc_feat_doors, uniq_ijyb

Skill      XL: |  1  2  3  4 |
---------------+-------------+-----
Earth Magic    | 4 5 |  5.0
Dodging        | 2 |  2.4
Fighting       | 1 |  1.0
Conjurations   | 3 |  3.1
Stealth        | |  2.4
Spellcasting   | |  2.6
Transmutations | |  0.7

Action                   |  1- 3 |  4- 6 || total
-------------------------+-------+-------++-------
Melee: Club              |    47 |       ||    47
       Whip              |       |    66 ||    66
 Cast: Sandblast         |    41 |    27 ||    68
       Stone Arrow       |       |     1 ||     1
  Use: Scroll            |       |     1 ||     1
 Stab: Sleeping          |       |     1 ||     1
Armor: Robe              |    22 |    38 ||    60
Dodge: Dodged            |    53 |    74 ||   127

Table legend: (Time is in decaauts)
 A = Elapsed time spent in this place.
 B = Non-inter-level travel time spent in this place.
 C = Inter-level travel time spent in this place.
 D = Time resting spent in this place.
 E = Time spent auto-exploring this place.
 F = Levels seen in this place.
 G = Mean time per level.
                   A        B        C        D        E       F      G
               +--------+--------+--------+--------+--------+-----+--------+
         Total |   2952 |   2894 |     58 |    317 |   2102 |   4 |  738.0 |
       Dungeon |   2952 |   2894 |     58 |    317 |   2102 |   4 |  738.0 |
               +--------+--------+--------+--------+--------+-----+--------+

Top non-repeatable levels by time:
     D:1: 1195 daAuts
     D:3: 894 daAuts
     D:4: 552 daAuts
     D:2: 309 daAuts
